 Dungeon Crawl Stone Soup version 0.29-a0-1027-gcd8c55af63 (webtiles) character file.

Game seed: 12139177556412070555

16 ragingrage the Sneak (level 2, -3/27 HPs)
             Began as a Minotaur Delver on Aug 13, 2022.
             Slain by a hound (4 damage)
             ... on level 4 of the Dungeon.
             The game lasted 00:00:31 (373 turns).

ragingrage the Sneak (Minotaur Delver)               Turns: 373, Time: 00:00:32

Health: -3/27      AC:  3    Str: 16    XL:     2   Next: 41%
Magic:  1/1        EV: 12    Int:  7    God:
Gold:   10         SH:  0    Dex: 11    Spells: 1/1 levels left

rFire   . . .      SeeInvis .   a - +0 hand axe
rCold   . . .      Faith    .   (no shield)
rNeg    . . .      Spirit   .   b - +0 leather armour
rPois   .          Reflect  .   (helmet restricted)
rElec   .          Harm     .   (no cloak)
rCorr   .          Rampage  .   (no gloves)
Will    .....                   (no boots)
Stlth   ++........              (no amulet)
HPRegen 0.09/turn               (no ring)
MPRegen 0.07/turn               (no ring)

@: lethally poisoned (-3 -> -10), hasted, very quick
A: horns 2, retaliatory headbutt
a: no special abilities


You were on level 4 of the Dungeon.
You visited 1 branch of the dungeon, and saw 3 of its levels.

You collected 10 gold pieces.

Inventory:

Hand Weapons
 a - a +0 hand axe (weapon)
Armour
 b - a +0 leather armour (worn)
Wands
 g - a wand of digging (3)
Scrolls
 c - a scroll of fog
 d - a scroll of magic mapping
 e - a scroll of fear


   Skills:
 + Level 3.9 Fighting
 + Level 2.8 Axes
 + Level 2.5 Dodging
 + Level 4.2 Stealth


You had one spell level left.
You didn't know any spells.
Your spell library was empty.

Dungeon Overview and Level Annotations

Branches:
Dungeon (6/15)
 Temple: D:4-7

Altars:

Annotations:
D:5 Blork the orc


Innate Abilities, Weirdness & Mutations

You have a pair of horns on your head.
You reflexively headbutt those who attack you in melee.


Message History

The kobold hits you with a +1 dagger of venom.
You are poisoned.
You barely miss the kobold.
The kobold is severely wounded.
You hit the jackal.
You kill the jackal!
You hit the jackal.
You feel very sick. The jackal bites you. The jackal barely misses you.
The kobold barely misses you. You furiously retaliate!
You headbutt the kobold, but do no damage.
You feel yourself speed up.
You feel sick. The jackal closely misses you. You furiously retaliate!
You headbutt the jackal!
You kill the jackal!
The jackal closely misses you. You furiously retaliate!
You headbutt the jackal. The kobold closely misses you.
You closely miss the kobold.
The kobold is severely wounded.
You hit the jackal.
You kill the jackal!
You feel sick.
The kobold hits you with a +1 dagger of venom.
You are lethally poisoned!
You hit the kobold.
You kill the kobold!
* * * LOW HITPOINT WARNING * * *
You feel very sick.
You slash the hound!
The hound is heavily wounded.
* * * LOW HITPOINT WARNING * * *
You feel sick. The hound closely misses you.
You hit the hound. You headbutt the hound.
The hound is almost dead.
* * * LOW HITPOINT WARNING * * *
You feel sick. The hound barely misses you.
You barely miss the hound.
The hound is almost dead.
* * * LOW HITPOINT WARNING * * *
You feel sick. The hound bites you.
You die...

### #. ..#
...####.#######
.............
#.††..<.... #@#
#h# #..w......#
........)#...
.w.##...#..# ..
#...#..#
#...#..# ....#
.. .....# ...


You could see a worm and a hound.

Vanquished Creatures
  An adder (D:6)
  A worm (D:5)
  3 jackals (D:4)
  A kobold (D:4)
6 creatures vanquished.

Notes
Turn   | Place    | Note
-------+----------+-------------------------------------------
     0 | D:5      | ragingrage the Minotaur Delver began the quest for the Orb.
     0 | D:5      | Reached XP level 1. HP: 19/19 MP: 0/0
    58 | D:5      | Noticed Blork the orc
    87 | D:6      | Reached XP level 2. HP: 12/27 MP: 1/1
    87 | D:6      | Noticed a phantom
   343 | D:6      | Noticed a phantom
   373 | D:4      | HP: 1/27 [poisoned by a kobold]
   373 | D:4      | Slain by a hound

Illustrated notes

Levels and vault maps discovered:
D:4:      layout_loops_ring, nicolae_hepliaklqana_hippocampus
D:5:      layout_gridville, fedhas_altar_2, nicolae_wormholes,
          uniq_blork_the_orc, uniq_menkaure, uniq_prince_ribbit1
D:6:      layout_cave_pools, nzn_wu_jian_council_hall,
          minmay_temple_entry_arrows, feat_on_display, uniq_edmund,
          uniq_duvessa, uniq_eustachio

Action                   || total
-------------------------++-------
Melee: Hand axe          ||    17
       Headbutt          ||     2
  Use: Potion            ||     1
Dodge: Dodged            ||    18

Table legend: (Time is in decaauts)
 A = Elapsed time spent in this place.
 B = Non-inter-level travel time spent in this place.
 C = Inter-level travel time spent in this place.
 D = Time resting spent in this place.
 E = Time spent auto-exploring this place.
 F = Levels seen in this place.
 G = Mean time per level.
                   A        B        C        D        E       F      G
               +--------+--------+--------+--------+--------+-----+--------+
         Total |    374 |    361 |     13 |    178 |    100 |   3 |  124.7 |
       Dungeon |    374 |    361 |     13 |    178 |    100 |   3 |  124.7 |
               +--------+--------+--------+--------+--------+-----+--------+

Top non-repeatable levels by time:
     D:5: 341 daAuts
     D:6: 20 daAuts
     D:4: 12 daAuts
